 Dungeon Crawl Stone Soup version 0.31-a0-177-g4aa6249778 (webtiles) character file.

Game seed: 7708643101439230673

1167 qw the Chopper (level 8, -13/51 HPs)
             Began as a Gargoyle Fighter on June 18, 2023.
             Mangled by an ogre
             ... wielding a +0 giant spiked club
              (27 damage)
             ... on level 5 of the Dungeon.
             The game lasted 00:01:49 (4003 turns).

qw the Chopper (Gargoyle Fighter)                   Turns: 4003, Time: 00:01:49

Health: -13/51     AC: 15    Str: 28    XL:     8   Next: 40%
Magic:  8/8        EV:  9    Int:  9    God:
Gold:   72         SH:  4    Dex:  9    Spells: 7/7 levels left

rFire   . . .        p - +0 war axe
rCold   . . .        c - +0 buckler
rNeg    + . .        v - +0 chain mail
rPois   inf          (no helmet)
rElec   +            (no cloak)
rCorr   .            (no gloves)
SInv    +            g - +0 pair of boots
Will    .....        q - amulet of faith Stlth
                     l - +6 ring of strength
HPRegen 0.28/turn    n - ring of see invisible
MPRegen 0.11/turn

%: faith
@: no status effects
A: sickness immunity, AC +5, negative energy resistance 1, electricity
resistance, torment resistance 1, petrification resistance
a: no special abilities


You were on level 5 of the Dungeon.
You visited 1 branch of the dungeon, and saw 5 of its levels.

You collected 170 gold pieces.
You spent 98 gold pieces at shops.


Innate Abilities, Weirdness & Mutations

You are immune to sickness and miasma.
Your stone body is resilient. (AC +5)
You are immune to poison.
You resist negative energy. (rN+)
You are resistant to electric shocks. (rElec)
You are resistant to unholy torment.
You are immune to petrification.


   Skills:
 - Level 5.7 Fighting
 + Level 7.5 Axes
 - Level 2.5 Throwing
 - Level 3.2 Armour
 - Level 1.0 Dodging
 - Level 3.2 Shields


You had 7 spell levels left.
You didn't know any spells.
Your spell library was empty.

Inventory:

Hand Weapons
 f - a +0 flail
 p - a +0 war axe (weapon)
Missiles
 t - 7 javelins (quivered)
 u - 4 boomerangs
Armour
 c - a +0 buckler (worn)
 g - a +0 pair of boots (worn)
 v - a +0 chain mail (worn)
Jewellery
 a - a ring of fire
 e - a +6 ring of dexterity
 i - the amulet of Furynol {RegenMP Will+ rCorr}
   (You acquired it on level 2 of the Dungeon)

   [amulet of magic regeneration]

   It increases your rate of magic regeneration.
   rCorr:     It protects you from acid and corrosion.
   Will:      It increases your willpower.
 l - a +6 ring of strength (left hand)
 n - a ring of see invisible (right hand)
 q - an amulet of faith (around neck)
 Y - a ring of willpower
Scrolls
 b - 3 scrolls of identify
 h - 2 scrolls of teleportation
Potions
 d - a potion of might
 j - a potion of lignification
 k - a potion of curing
 m - 2 potions of attraction
 o - a potion of degeneration {unknown}
 w - 2 potions of heal wounds
 x - 3 potions of haste

Dungeon Overview and Level Annotations

Branches:
Dungeon (5/15)
 Temple: D:4-7

Altars:

Shops:
D:3 [(*((


Message History

An adder comes into view.
The adder hisses angrily.
Enter note:
Enter note:
Enter note:
Enter note:
Enter note:
Enter note: You throw a javelin.
The javelin closely misses the adder.
You throw a javelin. The javelin pierces through the adder!
You kill the adder!
You see here an adder corpse.
t - 7 javelins (gained 1)
An ogre comes into view. It is wielding a +0 giant spiked club.
The ogre shouts!
You see here a javelin.
Enter note:
Enter note:
Enter note:
Enter note:
Enter note:
Enter note: You barely miss the ogre.
The ogre barely misses you.
You hit the ogre.
The ogre is lightly wounded.
The ogre barely misses you.
You slash the ogre!
The ogre is moderately wounded.
You hit the ogre.
The ogre is heavily wounded.
The ogre hits you with a +0 giant spiked club!
You hit the ogre but do no damage.
The ogre is heavily wounded.
The ogre hits you with a +0 giant spiked club!!
You slash the ogre!
The ogre is severely wounded.
The ogre hits you with a +0 giant spiked club!!
Ouch! That really hurt!
You die...

#.### #.... #.### . #
##. #.. ..####### #.#
......O.# #.#
####@###### #.#
#....%....# #.#
.....##.####.######.####
#..# #.# #...........#
#. #.# #####.##..... ..#
#.##.##.. ### #.##.....
#.#####.# #.# #.#


You could see an ogre.

Vanquished Creatures
  Grinder (D:5)
  Sigmund (D:3)
  Duvessa (D:5)
  A black bear (D:5)
  An ogre (D:5)
  A sky beast (D:4)
  2 scorpions
  Dowan (D:5)
  A howler monkey (D:4)
  A hound (D:4)
  An iguana (D:4)
  An orc wizard (D:2)
  10 adders
  3 worms
  4 dart slugs
  6 orcs
  2 endoplasms
  2 giant cockroaches
  6 hobgoblins
  2 jackals (D:2)
  8 kobolds
  4 quokkas
  8 ball pythons
  5 bats
  2 frilled lizards
  5 goblins
  5 rats
85 creatures vanquished.

Notes
Turn   | Place    | Note
-------+----------+-------------------------------------------
     0 | D:1      | qw the Gargoyle Fighter began the quest for the Orb.
     0 | D:1      | Reached XP level 1. HP: 14/14 MP: 1/1
     0 | D:1      | 0 ||| qw: Version: 0.3-a-7-ge0c9b40
     0 | D:1      | 0 ||| qw: Game counter: 733
     0 | D:1      | 0 ||| qw: Always use a shield: true
     0 | D:1      | 0 ||| qw: God list: Okawaru
     0 | D:1      | 0 ||| qw: Allow faded altars: false
     0 | D:1      | 0 ||| qw: Do Orc after D:15 true
     0 | D:1      | 0 ||| qw: Do second Lair branch before Depths: true
     0 | D:1      | 0 ||| qw: Lair rune preference: random
     0 | D:1      | 0 ||| qw: Plans: Normal, Zot:1-4, Slime:5, God:TSO, Crypt,
                  | Tomb, Abyss, Pan, Hells, Win
     0 | D:1      | 0 ||| PLANNING D:1-11
    57 | D:1      | Reached skill level 2 in Axes
   127 | D:1      | Found a faded altar of an unknown god.
   300 | D:1      | 300 ||| Stepping ~*~*~tactically~*~*~ (stealth).
   326 | D:1      | Reached XP level 2. HP: 19/19 MP: 2/2
   338 | D:1      | 338 ||| Stepping ~*~*~tactically~*~*~ (stealth).
   930 | D:1      | 930 ||| UPGRADING to +0 pair of boots.
   935 | D:1      | 935 ||| UPGRADING to +6 ring of dexterity.
   936 | D:1      | 936 ||| UPGRADING to ring of see invisible.
   937 | D:1      | 937 ||| UPGRADING to ring of willpower.
   939 | D:1      | 939 ||| READING scroll labelled VUX AKLOIRI.
   940 | D:1      | 940 ||| READING scroll labelled YFUMAB GAMO.
   940 | D:1      | Identified a scroll of acquirement
   940 | D:1      | 940 ||| ACQUIRING ring of fire
   940 | D:1      | Acquired a ring of fire
   942 | D:1      | 942 ||| READING 2 scrolls labelled LASAITHRELUM.
   946 | D:1      | 946 ||| READING scroll labelled TEJIRO OBILU.
  1012 | D:2      | Reached skill level 3 in Axes
  1012 | D:2      | Reached XP level 3. HP: 23/23 MP: 3/3
  1037 | D:2      | Reached skill level 1 in Throwing
  1040 | D:2      | Reached XP level 4. HP: 12/28 MP: 4/4
  1089 | D:2      | 1089 ||| FLEEEEING.
  1112 | D:2      | 1112 ||| DROPPING +0 whip.
  1129 | D:2      | 1129 ||| READING scroll of acquirement.
  1129 | D:2      | 1129 ||| ACQUIRING amulet of Furynol {RegenMP Will+ rCorr}
  1129 | D:2      | Acquired the amulet of Furynol {RegenMP Will+ rCorr}
  1131 | D:2      | 1131 ||| UPGRADING to amulet of Furynol {RegenMP Will+
                  | rCorr}.
  1144 | D:2      | 1144 ||| Stepping ~*~*~tactically~*~*~ (stealth).
  1311 | D:2      | 1311 ||| Stepping ~*~*~tactically~*~*~ (stealth).
  1317 | D:2      | 1317 ||| Stepping ~*~*~tactically~*~*~ (stealth).
  1331 | D:2      | 1331 ||| FLEEEEING.
  1332 | D:2      | 1332 ||| FLEEEEING.
  1333 | D:2      | 1333 ||| FLEEEEING.
  1342 | D:2      | 1342 ||| STAIRDANCE
  1354 | D:1      | 1354 ||| DROPPING amulet of guardian spirit.
  1355 | D:1      | 1355 ||| READING scroll labelled JUEPPO SAELUH.
  1376 | D:2      | Identified the +6 short sword "Wamuak" {flame, Str+4}
  1395 | D:2      | Reached skill level 4 in Axes
  1901 | D:2      | 1901 ||| UPGRADING to +0 chain mail.
  1911 | D:2      | 1911 ||| DROPPING +0 scale mail.
  1912 | D:2      | 1912 ||| UPGRADING to amulet of faith.
  1922 | D:2      | 1922 ||| READING scroll labelled ZAINIGGIWNO.
  1923 | D:2      | 1923 ||| READING scroll labelled BUAG TIOLONWA.
  1924 | D:2      | 1924 ||| DRINKING 2 puce potions.
  1925 | D:2      | 1925 ||| DRINKING 2 lumpy puce potions.
  1941 | D:3      | Found Buwneaze's General Store.
  1945 | D:3      | 1945 ||| SHOPLISTING +2 robe of resistance (527 gold, have
                  | 115).
  1945 | D:3      | 1945 ||| BUYING scroll of identify (28 gold).
  1945 | D:3      | Bought a scroll of identify for 28 gold pieces
  1945 | D:3      | 1945 ||| BUYING scroll of identify (28 gold).
  1945 | D:3      | Bought a scroll of identify for 28 gold pieces
  1945 | D:3      | 1945 ||| BUYING scroll of teleportation (42 gold).
  1945 | D:3      | Bought a scroll of teleportation for 42 gold pieces
  1949 | D:3      | Found Onuan's Antique Armour Shoppe.
  1971 | D:3      | 1971 ||| SHOPLISTING +5 Storm Queen's Shield {shock, Fly
                  | rElec} (1094 gold, have 23).
  1971 | D:3      | 1971 ||| SHOPLISTING embroidered cloak (180 gold, have 23).
  1971 | D:3      | 1971 ||| SHOPLISTING glowing scale mail (168 gold, have
                  | 23).
  1993 | D:3      | 1993 ||| Stepping ~*~*~tactically~*~*~ (stealth).
  1994 | D:3      | 1994 ||| Stepping ~*~*~tactically~*~*~ (stealth).
  2058 | D:3      | Identified the +0 robe of the Sacrificial Victim {rF+
                  | Regen+}
  2063 | D:3      | Found Ziso's Antique Weapon Shop.
  2073 | D:3      | 2073 ||| SHOPLISTING morningstar (88 gold, have 23).
  2084 | D:3      | Reached XP level 5. HP: 32/32 MP: 5/5
  2159 | D:3      | Noticed Sigmund
  2170 | D:3      | Killed Sigmund
  2171 | D:3      | Reached skill level 5 in Axes
  2171 | D:3      | Reached XP level 6. HP: 34/37 MP: 6/6
  2204 | D:3      | Found Iku Int's Antique Weapon Emporium.
  2356 | D:3      | 2356 ||| Stepping ~*~*~tactically~*~*~ (hiding).
  2469 | D:3      | 2469 ||| Stepping ~*~*~tactically~*~*~ (stealth).
  2472 | D:3      | 2472 ||| Stepping ~*~*~tactically~*~*~ (hiding).
  2736 | D:3      | Found Vukhuora's Antique Weapon Emporium.
  2752 | D:3      | 2752 ||| SHOPLISTING morningstar (104 gold, have 23).
  2891 | D:3      | 2891 ||| DROPPING scarf of shadows.
  2892 | D:3      | 2892 ||| READING scroll labelled VIOSUVUO WEDE.
  2893 | D:3      | 2893 ||| DRINKING 2 inky potions.
  2948 | D:3      | 2948 ||| READING 4 scrolls of identify.
  2948 | D:3      | 2948 ||| IDENTIFYING ruby potion
  2949 | D:3      | 2949 ||| READING 3 scrolls of identify.
  2949 | D:3      | 2949 ||| IDENTIFYING pink potion
  2950 | D:3      | 2950 ||| READING 2 scrolls of identify.
  2950 | D:3      | 2950 ||| IDENTIFYING bubbling golden potion
  2951 | D:3      | 2951 ||| DROPPING potion of invisibility.
  3030 | D:4      | 3030 ||| FLEEEEING.
  3031 | D:4      | 3031 ||| FLEEEEING.
  3032 | D:4      | 3032 ||| FLEEEEING.
  3033 | D:4      | 3033 ||| FLEEEEING.
  3034 | D:4      | 3034 ||| FLEEEEING.
  3035 | D:4      | 3035 ||| FLEEEEING.
  3039 | D:4      | 3039 ||| FLEEEEING.
  3056 | D:4      | Noticed a sky beast
  3072 | D:4      | Killed a sky beast
  3073 | D:4      | Reached XP level 7. HP: 31/43 MP: 7/7
  3158 | D:4      | Reached skill level 6 in Axes
  3219 | D:4      | 3219 ||| Stepping ~*~*~tactically~*~*~ (stealth).
  3263 | D:4      | 3263 ||| Stepping ~*~*~tactically~*~*~ (stealth).
  3264 | D:4      | 3264 ||| Stepping ~*~*~tactically~*~*~ (stealth).
  3338 | D:4      | 3338 ||| Stepping ~*~*~tactically~*~*~ (stealth).
  3405 | D:4      | Reached skill level 1 in Dodging
  3497 | D:4      | 3497 ||| UPGRADING to +6 ring of strength.
  3499 | D:4      | 3499 ||| DROPPING ring of positive energy.
  3514 | D:5      | Entered Level 5 of the Dungeon
  3607 | D:5      | Noticed Grinder
  3608 | D:5      | Noticed Duvessa
  3609 | D:5      | Noticed Dowan
  3621 | D:5      | Killed Dowan
  3625 | D:5      | Killed Duvessa
  3633 | D:5      | 3633 ||| Stepping ~*~*~tactically~*~*~ (hiding).
  3635 | D:5      | 3635 ||| FLEEEEING.
  3637 | D:5      | 3637 ||| FLEEEEING.
  3638 | D:5      | 3638 ||| FLEEEEING.
  3639 | D:5      | 3639 ||| FLEEEEING.
  3640 | D:5      | 3640 ||| FLEEEEING.
  3643 | D:5      | 3643 ||| FLEEEEING.
  3644 | D:5      | 3644 ||| FLEEEEING.
  3645 | D:5      | 3645 ||| FLEEEEING.
  3647 | D:5      | 3647 ||| FLEEEEING.
  3648 | D:5      | 3648 ||| FLEEEEING.
  3649 | D:5      | 3649 ||| FLEEEEING.
  3650 | D:5      | 3650 ||| FLEEEEING.
  3651 | D:5      | 3651 ||| FLEEEEING.
  3652 | D:5      | 3652 ||| STAIRDANCE
  3728 | D:5      | Reached skill level 7 in Axes
  3734 | D:5      | Killed Grinder
  3735 | D:5      | Reached XP level 8. HP: 46/51 MP: 8/8
  3894 | D:5      | 3894 ||| Stepping ~*~*~tactically~*~*~ (stealth).
  3897 | D:5      | 3897 ||| Stepping ~*~*~tactically~*~*~ (stealth).
  3920 | D:5      | 3920 ||| FLEEEEING.
  3923 | D:5      | 3923 ||| FLEEEEING.
  3924 | D:5      | 3924 ||| FLEEEEING.
  4003 | D:5      | Mangled by an ogre

Levels and vault maps discovered:
D:1:      nzn_arrival_settlement, layout_loops_ring,
          dreamdust_ecumenical_altar_hidden_monk_grotto, grunt_decor_clamped
D:2:      layout_loops_ring, minmay_tall_x
D:3:      layout_basic, serial_shops, shop, shop, nicolae_shop_hallway_stairs,
          nicolae_square_shop, shop, uniq_sigmund
D:4:      layout_basic
D:5:      black_bear_nest_1, layout_loops_cross, yredelemnul_altar_generic,
          minmay_temple_entry_antechambers, uniq_duvessa, uniq_grinder

Skill      XL: |  1  2  3  4  5  6  7  8 |
---------------+-------------------------+-----
Axes           | 2 3 4 5 7 |  7.5
Throwing       | 1 2 |  2.5
Fighting       | 4 5 |  5.7
Dodging        | 1 |  1.0
Armour         | |  3.2
Shields        | |  3.2

Action                     |  1- 3 |  4- 6 |  7- 9 || total
---------------------------+-------+-------+-------++-------
  Melee: War axe           |    76 |   100 |    78 ||   254
  Throw: Javelin           |     6 |    36 |    19 ||    61
         Boomerang         |       |    11 |     5 ||    16
    Use: Scroll            |     4 |     8 |       ||    12
         Potion            |       |     3 |       ||     3
 Armour: Scale mail        |    57 |    21 |       ||    78
         Chain mail        |       |    39 |    38 ||    77
  Dodge: Dodged            |    47 |    46 |    32 ||   125
  Block: Buckler           |    12 |    14 |     5 ||    31

Table legend:
 A = Non-vault XP
 B = Vault XP
 C = Vault XP percentage of total XP
 D = Non-vault monster count
 E = Vault monster count
 F = Vault count percentage of total count
                 A         B        C        D         E       F
            +---------+---------+-------+---------+---------+-------
      Total |     824 |     844 |  50.6 |      76 |       9 |  10.6
            +---------+---------+-------+---------+---------+-------
        D:1 |      26 |       0 |   0.0 |      16 |       0 |   0.0
        D:2 |     118 |      14 |  10.6 |      22 |       4 |  15.4
        D:3 |      47 |     214 |  82.0 |      10 |       1 |   9.1
        D:4 |     388 |       0 |   0.0 |      21 |       0 |   0.0
        D:5 |     245 |     616 |  71.5 |       7 |       4 |  36.4
            +---------+---------+-------+---------+---------+-------
